 Dungeon Crawl Stone Soup version 0.26.1-11-gd32895ea62 (webtiles) character file.

Game seed: 14832587086012960325

10172 kikikiki the Slinger (level 11, -1/64 HPs)
             Began as a Halfling Hunter on May 30, 2021.
             Was an Elder of Okawaru.
             Slain by an orc warrior
             ... wielding a +1 war axe of electrocution
              (10 damage)
             ... on level 11 of the Dungeon on June 7, 2021.
             The game lasted 03:37:33 (16948 turns).

kikikiki the Slinger (Halfling Hunter)             Turns: 16948, Time: 03:37:33

Health: -1/64      AC: 13    Str: 16    XL:     11   Next: 88%
Magic:  11/11      EV: 30    Int: 13    God:    Okawaru [****..]
Gold:   235        SH:  0    Dex: 19    Spells: 10/10 levels left

rFire    + . .     SeeInvis .   h - +2 dagger (protect)
rCold    . . .     Faith    .   (shield restricted)
rNeg     . . .     Spirit   .   G - +3 ring mail of Kizaot {Str+3 Int+4}
rPois    .         Reflect  .   B - +0 helmet
rElec    .         Harm     .   (no cloak)
rCorr    .         Rampage  .   (no gloves)
Will     .....                  C - +0 pair of boots (curse)
Stlth    ++++......             (no amulet)
HPRegen  0.20/turn              A - +4 ring of evasion
MPRegen  0.12/turn              y - +4 ring of evasion

@: no status effects
A: small, fire resistance 1, mutation resistance 1
a: Renounce Religion, Heroism


You were on level 11 of the Dungeon.
You worshipped Okawaru.
Okawaru was greatly pleased with you.
You visited 2 branches of the dungeon, and saw 12 of its levels.

You collected 469 gold pieces.
You spent 234 gold pieces at shops.

Inventory:

Hand Weapons
 a - a +1 hunting sling
 h - a +2 dagger of protection (weapon)
 t - a +0 rapier
 v - a +0 dagger of holy wrath
 w - a +0 shortbow
 F - a +0 short sword of protection
 L - a +0 whip of freezing
 O - a +1 scimitar of flaming
 T - a +0 dagger of chaos
Missiles
 d - 169 arrows
 p - 70 bolts
 D - 37 poisoned darts (quivered)
 P - 3 stones
Armour
 c - a +2 leather armour of poison resistance
 o - a +2 robe of willpower
 B - a +0 helmet (worn)
 C - a cursed +0 pair of boots (worn)
 E - a +1 ring mail of cold resistance
 G - the +3 ring mail of Kizaot (worn) {Str+3 Int+4}
   (You bought it in a shop on level 6 of the Dungeon)

   It affects your strength (+3).
   It affects your intelligence (+4).
 K - a +1 leather armour of willpower
 M - a +2 robe of willpower
 Q - a +0 scale mail of fire resistance
 X - +1 acid dragon scales
Magical Staves
 l - an uncursed staff of conjuration
 W - an uncursed staff of poison {unknown}
Jewellery
 k - an uncursed ring of fire
 q - an uncursed ring of positive energy
 y - a +4 ring of evasion (right hand)
 A - a +4 ring of evasion (left hand)
Wands
 u - a wand of flame (25)
 H - a wand of acid (4)
 J - a wand of iceblast (4)
Scrolls
 b - a scroll of amnesia {unknown}
 g - a scroll of remove curse
 m - 2 scrolls of magic mapping
 n - a scroll of fog
 r - a scroll of enchant armour
 s - 8 scrolls of identify
 z - a scroll of noise
 N - 4 scrolls of teleportation
 R - 2 scrolls of immolation {unknown}
Potions
 e - a potion of brilliance
 f - 3 potions of mutation
 j - 3 potions of might
 x - a potion of ambrosia
 I - a potion of attraction {unknown}
 S - a potion of heal wounds {unknown}
 U - 2 potions of flight
 V - a potion of lignification


   Skills:
 - Level 1.7 Fighting
 * Level 2.2 Short Blades
 - Level 12.0 Slings
 - Level 11.0 Armour
 + Level 10.7 Dodging
 - Level 9.4 Stealth


You had 10 spell levels left.
You didn't know any spells.
Your spell library contained the following spells:

 Spells                   Type           Power        Failure   Level
 Freeze                   Ice            0%           45%         1
 Frozen Ramparts          Ice            0%           83%         3
 Ozocubu's Armour         Ice            0%           83%         3
 Hailstorm                Conj/Ice       0%           99%         4
 Summon Ice Beast         Ice/Summ       0%           99%         4
 Bolt of Magma            Conj/Fire/Erth 0%           100%        5
 Iskenderun's Battlesphe  Conj           0%           100%        5
 Iron Shot                Conj/Erth      0%           100%        6
 Orb of Destruction       Conj           0%           100%        7
 Spellforged Servitor     Conj/Summ      0%           100%        7


Dungeon Overview and Level Annotations

Branches:
Dungeon (11/15)            Temple (1/1) D:7             Orc (0/2) D:9
   Lair: D:8-11

Altars:
Ashenzari
Cheibriados
Dithmenos
Elyvilon
Fedhas
Gozag
Hepliaklqana
Kikubaaqudgha
Makhleb
Nemelex Xobeh
Okawaru
Qazlal
Ru
Sif Muna
Trog
Uskayaw
Vehumet
Wu Jian
Xom
Yredelemnul
Zin
The Shining One
Beogh

Shops:
D:6 [

Annotations:
D:4 3 runed translucent doors, PanSaczeczos's ghost, novice TrWr
D:8 3 runed translucent doors, Harold; Maurice
D:11 Josephine


Innate Abilities, Weirdness & Mutations

You are small and have problems with some larger weapons.
You are somewhat resistant to further mutation.
Your flesh is heat resistant. (rF+)


Message History

Your weapon exudes an aura of protection.
The orc warrior is heavily wounded.
You closely miss the orc warrior.
The orc warrior is heavily wounded.
The orc warrior closely misses you.
You hit the orc warrior but do no damage.
The orc warrior is heavily wounded.
The orc warrior hits you with a +1 war axe of electrocution!
You are electrocuted!!
You hit the orc warrior but do no damage.
The orc warrior is heavily wounded.
The orc warrior barely misses you.
You hit the orc warrior but do no damage.
The orc warrior is heavily wounded.
The orc warrior barely misses you.
There is a stone staircase leading up, spattered with blood here.
The orc warrior hits you with a +1 war axe of electrocution!
* * * LOW HITPOINT WARNING * * *
You are electrocuted!
You die...

#..@.W.<......# .#
#######.#####.##.# #.#
#.... ### #.# #..# #..
####.# #..# #.# #....#
#..# #.# ####.####
#..####.### ####(((.#
#.).......# ((((.#..#
##@#####.#.#
######..#######o.......#.#
#...........#######.#
#.#########.# ###.# #.#
#.# #...# #.# #.# #...#
#.#### #.# #...# #.##..
..# ##.## #.##.# ### #.#


You could see an orc warrior.

Vanquished Creatures
  Erica (D:7)
  2 two-headed ogres
  Pikel (D:7)
  Psyche (D:9)
  Maggie (D:8)
  A troll (D:10)
  A meliai zombie (D:11)
  2 wyverns
  3 yaks (D:10)
  Grum (D:10)
  Menkaure (D:6)
  A water moccasin (D:7)
  3 necrophages
  A phantom (D:9)
  3 sky beasts
  A black bear (D:9)
  3 ice beasts
  4 orc warriors
  5 ogres
  3 wolves (D:10)
  4 centaurs
  3 lemures
  5 bullfrogs
  A wyvern zombie (D:11)
  A water moccasin skeleton (D:4)
  11 killer bees
  12 wights
  4 howler monkeys
  2 centaur zombies
  10 orc wizards
  A quasit (D:7)
  9 hounds
  8 orc priests
  Jessica (D:2)
  A bullfrog skeleton (D:7)
  2 iguanas
  8 worker ants
  2 hound zombies
  3 hound skeletons
  A worker ant zombie (D:9)
  A howler monkey zombie (D:8)
  10 adders
  4 shadow imps
  6 white imps
  2 oozes
  2 ufetubi (D:10)
  A worm (D:3)
  4 leopard geckos
  30 orcs
  5 bats
  2 giant cockroaches
  17 goblins
  13 hobgoblins
  18 jackals
  5 quokkas
  5 frilled lizards
  3 kobolds
  A quokka skeleton (D:5)
  A quokka zombie (D:8)
  5 rats
263 creatures vanquished.

Vanquished Creatures (others)
  20 plants (D:11)
20 creatures vanquished.

Grand Total: 283 creatures vanquished

Notes
Turn   | Place    | Note
-------+----------+-------------------------------------------
     0 | D:1      | kikikiki the Halfling Hunter began the quest for the Orb.
     0 | D:1      | Reached XP level 1. HP: 14/14 MP: 1/1
   178 | D:1      | Reached skill level 6 in Slings
   381 | D:1      | Reached XP level 2. HP: 13/19 MP: 2/2
   784 | D:1      | Reached XP level 3. HP: 18/24 MP: 3/3
  1701 | D:2      | Reached skill level 7 in Slings
  1785 | D:2      | Reached XP level 4. HP: 29/29 MP: 4/4
  2204 | D:2      | Found a hide-covered altar of Uskayaw.
  2249 | D:2      | Reached skill level 1 in Short Blades
  2408 | D:2      | Noticed Jessica
  2416 | D:2      | Killed Jessica
  2417 | D:2      | Reached skill level 8 in Slings
  2417 | D:2      | Reached XP level 5. HP: 21/34 MP: 5/5
  2668 | D:3      | Gained mutation: Your flesh is heat resistant. (rF+)
                  | [potion of mutation]
  2966 | D:3      | You fall into a shaft and drop 3 floors!
  2966 | D:6      | Noticed an orc warrior
  2999 | D:5      | Entered Level 5 of the Dungeon
  3046 | D:5      | Noticed a sky beast
  3216 | D:3      | Reached skill level 9 in Slings
  3241 | D:3      | Reached XP level 6. HP: 39/39 MP: 6/6
  3868 | D:4      | Reached skill level 10 in Slings
  4238 | D:4      | Found a runed translucent gate.
  4238 | D:4      | Identified the cursed +0 chain mail "Miagram" {Harm rC-
                  | Will+ Str+8}
  4238 | D:4      | Noticed an orc warrior
  4239 | D:4      | Found a runed translucent gate.
  4239 | D:4      | Noticed PanSaczeczos's ghost (novice TrWr)
  4240 | D:4      | Found a runed translucent gate.
  4259 | D:4      | Found a roughly hewn altar of Beogh.
  4516 | D:4      | Found an opulent altar of Gozag.
  4516 | D:4      | Found a sparkling altar of Nemelex Xobeh.
  4661 | D:5      | Reached XP level 7. HP: 44/44 MP: 7/7
  4747 | D:5      | Reached skill level 11 in Slings
  5274 | D:5      | Found a white marble altar of Elyvilon.
  5274 | D:5      | Found a radiant altar of Vehumet.
  5280 | D:5      | Found a shadowy altar of Dithmenos.
  5286 | D:5      | Found a blossoming altar of Fedhas.
  5288 | D:5      | Found a bloodstained altar of Trog.
  5402 | D:5      | Found a snail-covered altar of Cheibriados.
  5706 | D:5      | Reached skill level 12 in Slings
  6094 | D:6      | Reached XP level 8. HP: 49/49 MP: 8/8
  6912 | D:6      | Found a burning altar of Makhleb.
  6934 | D:6      | Reached skill level 5 in Dodging
  6993 | D:6      | Reached skill level 5 in Stealth
  7267 | D:6      | Found Xiemey's Antique Armour Emporium.
  7271 | D:6      | Noticed Menkaure
  7278 | D:6      | Killed Menkaure
  7279 | D:6      | Reached XP level 9. HP: 54/54 MP: 9/9
  7841 | D:6      | Bought a jewelled ring mail for 234 gold pieces
  7855 | D:6      | Identified the +3 ring mail of Kizaot {Str+3 Int+4} (You
                  | bought it in a shop on level 6 of the Dungeon)
  8344 | D:6      | Reached skill level 1 in Armour
  8452 | D:6      | Found a basalt altar of Yredelemnul.
  8896 | D:7      | Noticed Pikel
  9051 | D:7      | Killed Pikel
  9335 | D:7      | Reached XP level 10. HP: 51/60 MP: 10/10
  9699 | D:7      | Found a staircase to the Ecumenical Temple.
  9708 | D:7      | Reached skill level 5 in Armour
  9798 | Temple   | Entered the Ecumenical Temple
  9891 | Temple   | Became a worshipper of Warmaster Okawaru
 10414 | D:8      | Noticed Maurice
 10446 | D:8      | Noticed a two-headed ogre
 10578 | D:8      | Noticed Harold
 10871 | D:8      | Found an ornate altar of the Wu Jian Council.
 11231 | D:8      | Noticed Erica
 11356 | D:7      | Killed Erica
 11356 | D:7      | Reached * piety under Okawaru
 11447 | D:8      | Noticed Psyche
 11791 | D:9      | Reached ** piety under Okawaru
 12032 | D:9      | Found a shimmering blue altar of Sif Muna.
 12127 | D:9      | Found a staircase to the Orcish Mines.
 12946 | D:8      | Reached XP level 11. HP: 64/64 MP: 11/11
 13010 | D:9      | Killed Psyche
 13106 | D:8      | Noticed Maggie
 13241 | D:8      | Reached *** piety under Okawaru
 13535 | D:8      | Killed a two-headed ogre
 13535 | D:8      | Received a gift from Okawaru
 13653 | D:8      | Killed Maggie
 13737 | D:8      | Found a runed translucent gate.
 13737 | D:8      | Found a runed translucent gate.
 13739 | D:8      | Found a runed translucent gate.
 13740 | D:8      | Noticed a purple ugly thing
 13741 | D:8      | Noticed a brown ugly thing
 13743 | D:8      | Noticed a red ugly thing
 13743 | D:8      | Noticed a brown ugly thing
 13945 | D:8      | HP: 2/64 [acid (13)]
 14531 | D:10     | Entered Level 10 of the Dungeon
 14712 | D:10     | Noticed a two-headed ogre
 14730 | D:10     | Killed a two-headed ogre
 14730 | D:10     | Received a gift from Okawaru
 14731 | D:10     | Reached skill level 10 in Armour
 14731 | D:10     | Reached skill level 10 in Dodging
 15160 | D:10     | Received a gift from Okawaru
 15635 | D:10     | Noticed Grum
 15653 | D:10     | Killed Grum
 15653 | D:10     | Reached **** piety under Okawaru
 16288 | D:11     | Noticed a red ugly thing
 16360 | D:11     | Noticed Josephine
 16948 | D:11     | Slain by an orc warrior

Illustrated notes

Levels and vault maps discovered:
D:1:      minmay_arrival_cross, layout_loops_cross
D:2:      layout_loops_ring, old_standard_altar, uniq_jessica
D:3:      cheibrodos_greedy_goblins, layout_basic
D:4:      layout_rooms, grunt_temple_overflow_opulence,
          biasface_ghost_orc_armoury, corexii_shack, hex_intersection,
          chequers_serial_rivers_room_b
D:5:      layout_basic, cheibriados_altar_1,
          chequers_temple_overflow_minitemple, nicolae_sextant
D:6:      layout_loops_ring, overflow_temple_1_default, serial_shops, shop,
          makhleb_blood_cavern_becter, uniq_menkaure
D:7:      layout_layer_cave, temple_green, uniq_pikel
D:8:      layout_loops_cross, lemuel_crystal_altar,
          ploomutoo_gammafunk_ghost_potion_laboratory, serial_co_window_serial,
          co_window_of_opportunity_a, co_window_paths_a, co_window_paths_b,
          co_window_paths_a, co_window_corner_a, co_window_paths_a,
          co_window_cross_1, co_window_cross_1, co_window_of_opportunity_a,
          co_window_broadway_b, co_window_broadway_a,
          co_window_of_opportunity_b, co_window_unsneaky_path_b,
          glass_columns_a, glass_columns_a, glass_columns_b, glass_columns_c,
          glass_columns_b, uniq_maurice, uniq_erica, uniq_maggie, uniq_harold,
          uniq_psyche
D:9:      layout_irregular_city, lemuel_doored_altar, orc_0_dummy
D:10:     layout_basic, uniq_grum
D:11:     layout_loops_ring, david_lair_shrubbed, serial_shops, shop,
          uniq_josephine, uniq_erolcha, uniq_gastronok
Temple:   jpeg_temple_island

Skill      XL: |  1  2  3  4  5  6  7  8  9 10 11 |
---------------+----------------------------------+-----
Slings         | 6 7 8 9 10 12 | 12.0
Dodging        | 3 6 7 9 10 | 10.7
Short Blades   | 1 2 |  2.2
Stealth        | 2 6 7 9 |  9.4
Armour         | 4 8 11 | 11.0
Fighting       | |  1.7

Action                   |  1- 3 |  4- 6 |  7- 9 | 10-12 || total
-------------------------+-------+-------+-------+-------++-------
Melee: Short sword       |    69 |    34 |       |       ||   103
       Hunting sling     |       |       |     1 |     8 ||     9
       Dagger            |       |       |       |    35 ||    35
 Fire: Hunting sling     |    43 |   180 |   527 |   912 ||  1662
       Shortbow          |       |       |     1 |       ||     1
Evoke: Wand              |       |       |       |     3 ||     3
  Use: Scroll            |       |     2 |     5 |     4 ||    11
       Potion            |       |     1 |     6 |     2 ||     9
 Stab: Sleeping          |     1 |       |       |       ||     1
Armor: Leather armour    |    15 |    13 |     6 |       ||    34
       Robe              |       |     6 |       |       ||     6
       Ring mail         |       |       |     9 |    72 ||    81
Dodge: Dodged            |    71 |    73 |   142 |   468 ||   754
